 Dungeon Crawl Stone Soup version 0.30-a0-222-ge547ba4400 (webtiles) character file.

Game seed: 1849109927024604833

99 Aibolit the Shield-Bearer (level 5, -3/42 HPs)
             Began as a Formicid Fighter on Oct 8, 2022.
             Killed by nerve-wracking pain
             ... invoked by Grinder
              (13 damage)
             ... on level 3 of the Dungeon.
             The game lasted 00:08:02 (2381 turns).

Aibolit the Shield-Bearer (Formicid Fighter)        Turns: 2381, Time: 00:08:03

Health: -3/42      AC: 13    Str: 22    XL:     5   Next: 2%
Magic:  5/5        EV:  8    Int:  8    God:
Gold:   112        SH:  5    Dex: 13    Spells: 2/4 levels left

rFire   x . .      SeeInvis +    a - +0 long sword
rCold   + . .      Faith    .    c - +0 buckler
rNeg    . . .      Spirit   .    p - +0 chain mail
rPois   .          Reflect  .    (helmet unavailable)
rElec   .          Harm     .    (no cloak)
rCorr   .          Rampage  .    (no gloves)
Will    .....                    (no boots)
Stlth   ..........               (no amulet)
HPRegen 0.27/turn                r - +4 ring of protection
MPRegen 0.09/turn                t - ring of ice

@: no status effects
A: permanent stasis, dig shafts and tunnels, antennae 3, four strong arms
a: Dig, Shaft Self


You were on level 3 of the Dungeon.
You visited 1 branch of the dungeon, and saw 3 of its levels.

You collected 112 gold pieces.

Inventory:

Hand Weapons
 a - a +0 long sword (weapon)
Armour
 c - a +0 buckler (worn)
 n - an orb of wrath
 p - a +0 chain mail (worn)
Jewellery
 r - a +4 ring of protection (left hand)
 s - a ring of wizardry
 t - a ring of ice (right hand)
Scrolls
 b - a scroll of immolation {unknown}
 d - 3 scrolls of identify {unknown}
 e - 2 scrolls of blinking {unknown}
 g - 2 scrolls of enchant armour {unknown}
 j - 2 scrolls of fear {unknown}
 o - 6 scrolls of teleportation {unknown}
 q - 3 scrolls of torment {unknown}
 u - a scroll of vulnerability {unknown}
Potions
 f - 3 potions of berserk rage {unknown}
 h - a potion of brilliance {unknown}
 i - a potion of resistance {unknown}
 k - 3 potions of heal wounds {unknown}
 l - a potion of curing {unknown}
 m - a potion of flight {unknown}


   Skills:
 + Level 3.9 Fighting
 - Level 2.0 Long Blades
 + Level 4.3 Armour
 + Level 1.2 Dodging
 + Level 1.0 Stealth
 + Level 4.7 Shields


You had 2 spell levels left.
You knew the following spells:

 Your Spells              Type           Power      Damage    Failure   Level
a - Ensorcelled Hibernat  Hex/Ice        0%         N/A       100%        2

Your spell library contained the following spells:

 Spells                   Type           Power      Damage    Failure   Level
 Beastly Appendage        Tmut           0%         N/A       99%         1
 Passwall                 Tmut/Erth      0%         N/A       100%        2
 Wereblood                Tmut           0%         N/A       100%        2
 Spider Form              Tmut/Pois      0%         N/A       100%        3
 Swiftness                Air            Unusable   N/A       N/A         3

Dungeon Overview and Level Annotations

Branches:
Dungeon (3/15)

Altars:

Annotations:
D:3 1 runed translucent door, Crazy Yiuf, Grinder


Innate Abilities, Weirdness & Mutations

You cannot be hasted, slowed, berserked, paralysed or teleported.
You can dig through walls and to a lower floor.
You have a pair of large antennae on your head. (SInv)
Your four strong arms can wield two-handed weapons with a shield.


Message History

You closely miss Grinder. Grinder gestures at you.
You struggle to resist.
You hit Grinder.
Grinder is lightly wounded.
Grinder hits you!
You writhe in agony.
You hit Grinder.
Grinder is lightly wounded.
Grinder gestures at you. Pain shoots through your body!
Grinder gestures at you.
You struggle to resist.
You are too injured to fight recklessly!
You are too injured to fight recklessly!
You are too injured to fight recklessly!
You are too injured to fight recklessly!
You are too injured to fight recklessly!
You barely miss Grinder.
Grinder is lightly wounded.
Grinder gestures at you. Pain shoots through your body!
You hit Grinder.
Grinder is lightly wounded.
Grinder hits you but does no damage.
You hit Grinder.
Grinder is moderately wounded.
Grinder hits you.
* * * LOW HITPOINT WARNING * * *
You writhe in agony.
* * * LOW HITPOINT WARNING * * *
Grinder closely misses you.
You slash Grinder!
Grinder is heavily wounded.
Grinder barely misses you.
You hit Grinder.
Grinder is severely wounded.
Grinder says, "Mostly I couldn't keep them alive."
Grinder gestures at you. Pain shoots through your body!
You die...

#..##.#### #..##.#
#..##.# #.)...# #..####
###..## #.....#
##..#######.....#
.....o5@........#
....######......########
. #.............#
#.#...#######.. #.##.##
#.#### #.# #.# { #.# {


You could see Grinder and an orc.

Vanquished Creatures
  3 adders (D:2)
  A worm (D:2)
  5 dart slugs
  4 bats
  4 endoplasms
  3 giant cockroaches
  5 goblins
  6 hobgoblins
  8 jackals
  A quokka (D:2)
  4 ball pythons
  4 frilled lizards
  6 kobolds
  2 rats (D:1)
56 creatures vanquished.

Vanquished Creatures (others)
  A plant (D:1)
1 creature vanquished.

Grand Total: 57 creatures vanquished

Notes
Turn   | Place    | Note
-------+----------+-------------------------------------------
     0 | D:1      | Aibolit the Formicid Fighter began the quest for the Orb.
     0 | D:1      | Reached XP level 1. HP: 18/18 MP: 1/1
   115 | D:1      | Reached XP level 2. HP: 21/24 MP: 2/2
   303 | D:1      | Reached XP level 3. HP: 7/29 MP: 3/3
  1000 | D:1      | Learned a level 2 spell: Ensorcelled Hibernation
  1160 | D:2      | Reached XP level 4. HP: 24/37 MP: 4/4
  1422 | D:2      | Reached skill level 1 in Stealth
  1565 | D:2      | Reached skill level 1 in Dodging
  2170 | D:3      | Reached XP level 5. HP: 42/42 MP: 5/5
  2220 | D:3      | Found a runed translucent door.
  2221 | D:3      | Noticed Crazy Yiuf
  2369 | D:3      | Noticed Grinder
  2381 | D:3      | Killed from afar by Grinder

Illustrated notes

Levels and vault maps discovered:
D:1:      dpeg_arrival_tiny_h, layout_basic, shapermc_ecumenical_altar_petra,
          serial_bayou, serial_bayou_pond_b, serial_bayou_lake_a,
          serial_bayou_shore_b, serial_bayou_pond_b,
          kennysheep_decorative_pillar, minmay_domino_4
D:2:      layout_basic, serial_park_tiny_pond, columned_hall_lemuel
D:3:      layout_loops_ring, overflow_temple_1_default, minmay_misc_feat_square,
          minmay_puff, uniq_robin, uniq_grinder, uniq_terence,
          uniq_crazy_yiuf_cottage

Skill      XL: |  1  2  3  4 |
---------------+-------------+-----
Armour         | 4 |  4.3
Stealth        | 1 |  1.0
Dodging        | 1 |  1.2
Fighting       | |  3.9
Long Blades    | |  2.0
Shields        | |  4.7

Action                   |  1- 3 |  4- 6 || total
-------------------------+-------+-------++-------
Melee: Long sword        |   125 |    84 ||   209
  Use: Potion            |     1 |       ||     1
Armor: Scale mail        |    94 |     1 ||    95
       Chain mail        |       |    50 ||    50
Dodge: Dodged            |    90 |    36 ||   126
Block: Buckler           |    47 |    17 ||    64

Table legend: (Time is in decaauts)
 A = Elapsed time spent in this place.
 B = Non-inter-level travel time spent in this place.
 C = Inter-level travel time spent in this place.
 D = Time resting spent in this place.
 E = Time spent auto-exploring this place.
 F = Levels seen in this place.
 G = Mean time per level.
                   A        B        C        D        E       F      G
               +--------+--------+--------+--------+--------+-----+--------+
         Total |   2496 |   2308 |    188 |    268 |   1523 |   3 |  832.0 |
       Dungeon |   2496 |   2308 |    188 |    268 |   1523 |   3 |  832.0 |
               +--------+--------+--------+--------+--------+-----+--------+

Top non-repeatable levels by time:
     D:1: 1202 daAuts
     D:2: 1024 daAuts
     D:3: 269 daAuts
